[Event "Team 45 45 League T79"]
[Site "Internet Chess Club"]
[Date "2019.01.19"]
[Round "4"]
[White "Percival"]
[Black "fishhead"]
[Result "1-0"]
[WhiteElo "1968"]
[BlackElo "1760"]
[Opening "King's Indian: 5.Nf3"]
[ECO "E90"]
[Time "20:01:27"]
[TimeControl "2700+45"]

1. d4 Nf6 2. c4 g6 3. Nc3 d6 4. e4 Bg7 5. Nf3 c6 6. Be2 Qc7 7. O-O Nbd7 8. h3
O-O 9. Be3 e5 10. d5 c5 11. Qc2 a6 12. Nd2 Re8 13. a3 Nf8 14. b4 b6 15. Rfb1 Bd7
16. a4 Reb8 17. a5 b5 18. bxc5 b4 19. cxd6 Qxd6 20. c5 Qc7 21. Na4 Bb5 22. Bxb5
Rxb5 23. Nb6 Rb8 24. Qc4 N8d7 25. Rxb4 Bf8 26. Rxb5 axb5 27. Qxb5 Nxc5 28. Qc6
{Black resigns} 1-0

[Event "Team 45 45 League T79"]
[Site "Internet Chess Club"]
[Date "2019.01.20"]
[Round "4"]
[White "LinceHispano44"]
[Black "Knight77"]
[Result "0-1"]
[WhiteElo "1723"]
[BlackElo "1780"]
[Opening "King's Indian, 3.Nf3"]
[ECO "E61"]
[Time "10:31:22"]
[TimeControl "2700+45"]

1. Nf3 Nf6 2. c4 g6 3. d4 Bg7 4. Nc3 O-O 5. Bg5 d6 6. e3 Nbd7 7. Qc2 e5 8. dxe5
Nxe5 9. Nxe5 dxe5 10. Rd1 Qe8 11. Be2 h6 12. Bh4 Qc6 13. Bxf6 Qxf6 14. Nd5 Qg5
15. Bf3 c6 16. h4 Qd8 17. Nc3 Qe7 18. h5 g5 19. e4 Be6 20. b3 Rad8 21. O-O g4
22. Be2 Qh4 23. Rxd8 Rxd8 24. Rd1 Rd4 25. Bd3 Qxh5 26. Ne2 Rd8 27. Ng3 Qg5 28.
Be2 Rxd1+ 29. Bxd1 h5 30. Qd3 h4 31. Nf5 Bxf5 32. exf5 g3 33. fxg3 hxg3 34. Kf1
Qf4+ 35. Qf3 Qd2 36. Qe2 Qc1 37. Qc2 Qf4+ 38. Bf3 Qd4 39. Ke1 Bh6 40. Be4 Qg1+
41. Ke2 Qf2+ {White resigns} 0-1

[Event "Team 45 45 League T79"]
[Site "Internet Chess Club"]
[Date "2019.01.17"]
[Round "4"]
[White "Covenanteer"]
[Black "Goli"]
[Result "0-1"]
[WhiteElo "1591"]
[BlackElo "1694"]
[Opening "French: Tarrasch"]
[ECO "C03"]
[Time "16:30:17"]
[TimeControl "2700+45"]

1. e4 e6 2. d4 d5 3. Nd2 dxe4 4. Nxe4 Nf6 5. Bg5 Be7 6. Ng3 h6 7. Bf4 Nc6 8. Nf3
Bd6 9. Ne5 Bxe5 10. Bxe5 Nxe5 11. dxe5 Qxd1+ 12. Rxd1 Ng4 13. Nh5 O-O 14. f4 Ne3
15. Rd2 b6 16. Re2 Nxf1 17. Rxf1 Ba6 18. Rf3 Bxe2 19. Kxe2 g6 20. Nf6+ Kg7 21.
Rg3 Rfd8 22. c3 c5 23. Nh5+ Kf8 24. Nf6 Ke7 25. Rh3 h5 26. Ne4 Rd5 27. Nf6 Rdd8
28. Ne4 a6 29. Nd6 Rxd6 30. exd6+ Kxd6 31. Re3 Re8 32. Kf3 Re7 33. h3 e5 34.
Rd3+ Kc7 35. Re3 f6 36. g4 hxg4+ 37. hxg4 Kd6 38. Rd3+ Kc6 39. Re3 Kd5 40. Rd3+
Kc6 41. Re3 c4 42. g5 fxg5 43. fxg5 Kd5 44. Re2 Rf7+ 45. Ke3 Rf4 46. Rd2+ Kc5
47. Rg2 b5 48. Rg3 a5 49. a3 b4 50. a4 bxc3 51. bxc3 Kd5 52. Rg1 Rh4 53. Rg3 Rh1
54. Rg2 Rh3+ 55. Kd2 Rd3+ 56. Kc2 e4 57. Rh2 e3 58. Rh8 Ke5 59. Re8+ Kf4 60. Re6
Kxg5 61. Re4 Kf5 62. Rxc4 e2 63. Rc5+ Kf4 64. Kxd3 e1=Q 65. Rxa5 g5 {White
resigns} 0-1

[Event "Team 45 45 League T79"]
[Site "Internet Chess Club"]
[Date "2019.01.20"]
[Round "4"]
[White "zap2"]
[Black "idjit"]
[Result "0-1"]
[WhiteElo "1568"]
[BlackElo "1608"]
[Opening "Réti opening"]
[ECO "A05"]
[Time "11:08:54"]
[TimeControl "2700+45"]

1. Nf3 Nf6 2. g3 b6 3. Bg2 Bb7 4. d3 e6 5. Nbd2 Be7 6. O-O d6 7. e4 e5 8. Qe2
O-O 9. Nc4 Re8 10. Nfd2 Nc6 11. c3 b5 12. Ne3 b4 13. Nd5 a5 14. Nxe7+ Qxe7 15.
f4 Ba6 16. Qf3 Nd7 17. Rd1 bxc3 18. bxc3 Nc5 19. Nb3 Ne6 20. f5 Ng5 21. Qg4 f6
22. h4 Nf7 23. Be3 Rab8 24. Bf1 Rb7 25. Nd2 Reb8 26. Rdb1 Rxb1 27. Rxb1 Rxb1 28.
Nxb1 Qe8 29. Qd1 Qb8 30. Qb3 Qxb3 31. axb3 g6 32. g4 gxf5 33. gxf5 Ne7 34. Kf2
d5 35. Be2 dxe4 36. dxe4 Bxe2 37. Kxe2 Nd6 38. Kd3 Kf8 39. Na3 Ke8 40. Nc4 Nc6
41. Nxd6+ cxd6 42. Kc4 Ne7 43. Bb6 d5+ 44. Kd3 dxe4+ 45. Kxe4 Nc6 46. Kd5 Kd7
47. Bc5 h5 48. Bf8 Ne7+ 49. Ke4 Nc6 50. Bh6 Ne7 51. Bg7 Ng8 52. Kd5 Ne7+ 53. Kc5
Ng8 54. Bf8 Ne7 55. Kb5 Nxf5 56. Kxa5 Nxh4 57. Bc5 f5 58. b4 Ng6 59. b5 e4 60.
b6 Ne5 61. Be3 Nc4+ 62. Ka6 Nxb6 63. Kxb6 h4 64. Kc5 h3 65. Bf4 e3 66. Kd4 e2
{White resigns} 0-1

[Event "Team 45 45 League T79"]
[Site "Internet Chess Club"]
[Date "2019.01.18"]
[Round "4"]
[White "primerpaso"]
[Black "Manas"]
[Result "1-0"]
[WhiteElo "1828"]
[BlackElo "1735"]
[Opening "English: Anglo-Grünfeld defense"]
[ECO "A16"]
[Time "20:30:24"]
[TimeControl "2700+45"]

1. c4 Nf6 2. Nc3 d5 3. cxd5 Nxd5 4. g3 Nc6 5. Bg2 e6 6. Nf3 e5 7. O-O Be6 8. d4
exd4 9. Nxd4 Nxd4 10. Qxd4 c6 11. Nxd5 cxd5 12. Rd1 Qd7 13. Bxd5 Rd8 14. e4 Bg4
15. Bxf7+ Kxf7 16. Qc4+ {Black resigns} 1-0

[Event "Team 45 45 League T79"]
[Site "Internet Chess Club"]
[Date "2019.01.19"]
[Round "4"]
[White "kabindra"]
[Black "SuperPuzzler"]
[Result "0-1"]
[WhiteElo "1672"]
[BlackElo "1800"]
[Opening "Giuoco Piano"]
[ECO "C54"]
[Time "14:00:28"]
[TimeControl "2700+45"]

1. e4 e5 2. Nf3 Nc6 3. Bc4 Bc5 4. c3 Nf6 5. d3 d6 6. b4 Bb6 7. a4 a6 8. h3 h6 9.
Qe2 O-O 10. Nh4 d5 11. exd5 Nxd5 12. Qh5 Be6 13. Bxd5 Bxd5 14. O-O Be6 15. Nd2
Qxd3 16. Ndf3 Qxc3 17. Bd2 Qd3 18. Rad1 Rad8 19. Nxe5 Nxe5 20. Qxe5 Rd5 21. Qh2
Qe2 22. Nf3 Bxf2+ 23. Kh1 Rd3 24. Rc1 Bd5 25. Bf4 Rxf3 26. Rxf2 Rxf2 {White
resigns} 0-1

[Event "Team 45 45 League T79"]
[Site "Internet Chess Club"]
[Date "2019.01.18"]
[Round "4"]
[White "Percival"]
[Black "Knight77"]
[Result "0-1"]
[WhiteElo "1960"]
[BlackElo "1765"]
[Opening "King's Indian: Petrosian system, main line"]
[ECO "E93"]
[Time "06:07:39"]
[TimeControl "2700+45"]

1. d4 Nf6 2. c4 g6 3. Nc3 Bg7 4. e4 d6 5. Nf3 O-O 6. Be2 e5 7. d5 Nbd7 8. Qc2 c5
9. dxc6 bxc6 10. O-O Nc5 11. Rd1 Qc7 12. Be3 Ne6 13. h3 Rd8 14. Rac1 Bb7 15. Ng5
Nf4 16. Bf1 Bc8 17. g3 Ne6 18. Bg2 Nd4 19. Bxd4 exd4 20. Rxd4 Nh5 21. e5 Bxe5
22. Rdd1 Rb8 23. b3 Bg7 24. Nf3 Bh6 25. Ra1 Bg7 26. Rac1 Bh6 27. Ra1 Bg7 28.
Rac1 a5 29. Qd2 Nf6 30. Nd4 Bb7 31. Re1 Re8 32. Rcd1 d5 33. cxd5 cxd5 34. Ndb5
Qc5 35. a4 Re6 36. Nd4 Rxe1+ 37. Rxe1 Rc8 38. Ndb5 Qb4 39. Re3 Bh6 40. f4 g5 41.
f5 g4 42. Re8+ Kg7 {White forfeits on time} 0-1

[Event "Team 45 45 League T79"]
[Site "Internet Chess Club"]
[Date "2019.01.17"]
[Round "4"]
[White "santiagoelawad"]
[Black "Merciful"]
[Result "0-1"]
[WhiteElo "1933"]
[BlackElo "1986"]
[Opening "English: Bremen, Smyslov system"]
[ECO "A22"]
[Time "21:04:29"]
[TimeControl "2700+45"]

1. c4 e5 2. Nc3 Nf6 3. g3 Bb4 4. Nf3 Bxc3 5. dxc3 Qe7 6. Bg2 O-O 7. Qc2 c6 8. e4
d6 9. O-O Na6 10. Nh4 Nc7 11. Rd1 Be6 12. Nf5 Bxf5 13. exf5 d5 14. cxd5 Ncxd5
15. a4 Rad8 16. b3 Qc7 17. Ba3 Ne7 18. h3 Rxd1+ 19. Rxd1 Rd8 20. Rxd8+ Qxd8 21.
c4 Qd7 22. g4 Nc8 23. a5 b6 24. axb6 axb6 25. Bb2 Qd6 26. Qe2 Nd7 27. f4 f6 28.
fxe5 Nxe5 29. Bxe5 fxe5 30. Qe4 Ne7 31. Kh2 Kf7 32. h4 Qd4 33. g5 h6 34. Kg3
hxg5 35. hxg5 Qc3+ 36. Bf3 Qd4 37. Qxd4 Nxf5+ 38. Kf2 Nxd4 39. Bh5+ Ke6 40. Bg4+
Kd6 41. b4 Ne6 42. g6 Ke7 43. Ke3 Kf6 44. Bf3 c5 45. bxc5 Nxc5 46. Bd5 Kxg6 47.
Kf3 Kf5 48. Kg3 e4 49. Bc6 Ke5 50. Be8 Kd4 51. Bf7 Nd3 52. Be6 Ne5 53. Kf4 e3
54. Kg3 Nxc4 55. Kf3 b5 56. Ke2 g5 57. Bf5 b4 58. Kd1 b3 59. Ke2 b2 60. Kd1 g4
61. Ke2 Nd2 62. Bxg4 b1=Q 63. Bh3 Ne4 64. Bf5 Qc2+ 65. Ke1 Qd2+ 66. Kf1 Qf2#
{White checkmated} 0-1

[Event "Team 45 45 League T79"]
[Site "Internet Chess Club"]
[Date "2019.01.20"]
[Round "4"]
[White "gnat"]
[Black "achessman"]
[Result "1-0"]
[WhiteElo "2012"]
[BlackElo "1889"]
[Opening "Sicilian: closed, 2...Nc6"]
[ECO "B23"]
[Time "23:06:46"]
[TimeControl "2700+45"]

1. e4 c5 2. Nc3 Nc6 3. Bb5 g6 4. Bxc6 dxc6 5. d3 Bg7 6. Be3 Qa5 7. Ne2 Be6 8.
O-O Nf6 9. f3 O-O 10. Qe1 b6 11. Kh1 Qa6 12. b3 Qb7 13. Qh4 Rad8 14. Bh6 Bc8 15.
Bxg7 Kxg7 16. g4 Qd7 17. Qg3 Rfe8 18. h3 e5 19. f4 Qd6 20. Rf3 exf4 21. Rxf4 g5
22. Rf3 Qxg3 23. Nxg3 Ng8 24. Raf1 Be6 25. Nd1 Rf8 26. Nh5+ Kh8 27. Ne3 Ne7 28.
Rf6 Ng8 29. R6f2 Ne7 30. Kh2 Ra8 31. Kg3 Ng6 32. Nf5 Rad8 33. Nfg7 Nf4 34. Nxe6
fxe6 35. Nxf4 gxf4+ 36. Rxf4 Rxf4 37. Rxf4 Kg7 38. g5 Rd7 39. Rf6 Re7 40. Kf4
e5+ 41. Kf5 {Black resigns} 1-0

[Event "Team 45 45 League T79"]
[Site "Internet Chess Club"]
[Date "2019.01.17"]
[Round "4"]
[White "ArturitoGalacti"]
[Black "jjimalo"]
[Result "1-0"]
[WhiteElo "1904"]
[BlackElo "1759"]
[Opening "English opening"]
[ECO "A16"]
[Time "14:32:26"]
[TimeControl "2700+45"]

1. c4 Nf6 2. Nc3 g6 3. e4 d6 4. g3 Bg7 5. Bg2 O-O 6. Nge2 c5 7. O-O Nc6 8. d3 a6
9. h3 Rb8 10. a4 Bd7 11. Be3 Qc7 12. f4 e6 13. Qd2 Na7 14. f5 b5 15. b3 bxa4 16.
bxa4 Rb4 17. g4 Ne8 18. Bh6 Nc6 19. Bxg7 Kxg7 20. f6+ Nxf6 21. Rxf6 Kxf6 22. Qh6
Ke7 23. Rf1 Rb3 24. Qh4+ Ke8 25. e5 Qd8 26. Qxh7 Nxe5 27. Ne4 Qb8 28. Qg7 Bc6
29. Nf6+ Ke7 30. Bxc6 Nxc6 31. Nf4 Ne5 32. Nh7 Rg8 33. Nxg6+ Kd7 34. Nf6+ Kc7
35. Nxg8 Rb1 36. Nxe5 Rxf1+ 37. Kxf1 Qb1+ 38. Kg2 Qb2+ 39. Kg3 dxe5 40. Qxf7+
Kb6 41. Qxe6+ Ka5 42. Qd5 {Black resigns} 1-0

[Event "Team 45 45 League T79"]
[Site "Internet Chess Club"]
[Date "2019.01.19"]
[Round "4"]
[White "janh"]
[Black "Monterrey"]
[Result "0-1"]
[WhiteElo "1858"]
[BlackElo "1961"]
[Opening "Trompowsky attack (Ruth, Opocenský opening)"]
[ECO "A45"]
[Time "15:09:21"]
[TimeControl "2700+45"]

1. d4 Nf6 2. Bg5 d5 3. Bxf6 gxf6 4. e3 c5 5. g3 cxd4 6. exd4 Nc6 7. Bg2 Qb6 8.
Ne2 Qxb2 9. Nbc3 e6 10. O-O Qb6 11. Re1 Be7 12. Rb1 Qd8 13. Nf4 O-O 14. Nce2 Na5
15. Nh5 Kh8 16. Nef4 Rg8 17. Qe2 Bf8 18. Bf1 Bd7 19. Qf3 Rc8 20. Bd3 f5 21. g4
fxg4 22. Qe2 Bd6 {White resigns} 0-1

[Event "Team 45 45 League T79"]
[Site "Internet Chess Club"]
[Date "2019.01.20"]
[Round "4"]
[White "Sadhana"]
[Black "primerpaso"]
[Result "1-0"]
[WhiteElo "1930"]
[BlackElo "1816"]
[Opening "Catalan: closed, 5.Nf3"]
[ECO "E06"]
[Time "09:00:44"]
[TimeControl "2700+45"]

1. d4 Nf6 2. c4 e6 3. g3 d5 4. Bg2 Be7 5. Nf3 O-O 6. O-O b6 7. Nc3 Bb7 8. Ne5
Ne4 9. cxd5 exd5 10. Nxe4 dxe4 11. Bf4 f6 12. Nc4 Na6 13. Rc1 c5 14. dxc5 Bxc5
15. Qc2 Re8 16. Rfd1 Qc8 17. Qb3 Qe6 18. Bh3 Qxh3 19. Nxb6+ Kh8 20. Nxa8 Bxa8
21. Be3 Bxe3 22. fxe3 Qh5 23. Qc4 Nb8 24. Qc8 Rg8 25. Rd8 Qf7 26. Rxg8+ Qxg8 27.
Qxg8+ Kxg8 28. Rc8+ Kf7 29. Rxb8 Bd5 30. a4 Ke7 31. Rb5 Kd6 32. Ra5 {Black
resigns} 1-0

[Event "Team 45 45 League T79"]
[Site "Internet Chess Club"]
[Date "2019.01.19"]
[Round "4"]
[White "Portola"]
[Black "laurenpar"]
[Result "0-1"]
[WhiteElo "1789"]
[BlackElo "1870"]
[Opening "Queen's pawn"]
[ECO "A40"]
[Time "20:00:31"]
[TimeControl "2700+45"]

1. d4 e6 2. c3 f5 3. Nf3 Nf6 4. Bg5 h6 5. Bxf6 Qxf6 6. e3 d6 7. Nbd2 Nc6 8. Be2
Bd7 9. Qc2 g5 10. g3 O-O-O 11. O-O-O Be8 12. Ne1 h5 13. h4 g4 14. Bd3 Ne7 15.
Ng2 Bh6 16. Nf4 e5 17. Ne2 f4 18. Ne4 Qf7 19. Ng5 Bxg5 20. hxg5 f3 21. Nf4 exf4
22. exf4 h4 23. f5 h3 24. f6 Nc6 25. Rde1 Bd7 26. Bg6 Qxa2 27. Kd2 Na5 28. Ra1
Nb3+ 29. Ke3 Nxa1 30. Qd2 Nb3 31. Qc2 Na5 32. Kf4 Qc4 33. Bd3 Qf7 34. Bg6 Qe6
35. Bd3 Nc6 36. b4 Rdf8 37. Be4 Ne7 38. c4 Rxf6+ 39. gxf6 Qxf6+ 40. Ke3 Nf5+ 41.
Kd2 Qxd4+ 42. Kc1 Qa1+ 43. Qb1 Qxb1+ 44. Kxb1 Nd4 45. Kb2 c6 46. Kc3 c5 47. b5
Re8 48. Bd3 Bf5 49. Bxf5+ Nxf5 50. Kd3 Re2 51. Rf1 Kd7 52. Kc3 Kc7 53. Kd3 Kb6
54. Kc3 h2 55. Kd3 Rxf2 56. Re1 Re2 57. Rf1 Nxg3 58. Rd1 h1=Q 59. Re1 Qh7+
{White resigns} 0-1

[Event "Team 45 45 League T79"]
[Site "Internet Chess Club"]
[Date "2019.01.20"]
[Round "4"]
[White "lazyLion"]
[Black "andrew37"]
[Result "1-0"]
[WhiteElo "1785"]
[BlackElo "1639"]
[Opening "Sicilian defense"]
[ECO "B40"]
[Time "14:00:24"]
[TimeControl "2700+45"]

1. e4 c5 2. Nf3 e6 3. g3 g6 4. Bg2 Bg7 5. O-O Nf6 6. d3 Nc6 7. Nc3 O-O 8. Be3 b6
9. Qd2 d5 10. exd5 exd5 11. Bg5 Be6 12. Rfe1 Rc8 13. Ne5 Nxe5 14. Rxe5 d4 15.
Ne4 Nxe4 16. Rxe4 Qd7 17. Bh6 Rfe8 18. Bxg7 Kxg7 19. a3 Bg4 20. Rae1 Rxe4 21.
Rxe4 Re8 22. Qf4 Rxe4 23. Qxe4 Qe6 24. Qxe6 fxe6 25. f3 Bf5 26. g4 c4 27. gxf5
cxd3 28. cxd3 gxf5 29. f4 Kf6 30. Kf2 e5 31. fxe5+ Kxe5 32. Kf3 h6 33. h4 a5 34.
a4 h5 35. b3 f4 36. Bh3 Kd5 37. Kxf4 {Black resigns} 1-0

[Event "Team 45 45 League T79"]
[Site "Internet Chess Club"]
[Date "2019.01.21"]
[Round "4"]
[White "calsal"]
[Black "kidcobra"]
[Result "1-0"]
[WhiteElo "1851"]
[BlackElo "1791"]
[Opening "Two knights defense"]
[ECO "C57"]
[Time "19:04:35"]
[TimeControl "2700+45"]

1. e4 e5 2. Bc4 Nc6 3. Nf3 Nf6 4. Ng5 Nxe4 5. Bxf7+ Ke7 6. d3 Nf6 7. Bb3 d5 8.
Nc3 h6 9. Nf3 Bg4 10. Qe2 Kd7 11. Nxd5 Kc8 12. Nc3 Bc5 13. h3 Nd4 14. Qd1 Bxf3
15. gxf3 Nh5 16. f4 Nxf4 17. Bxf4 exf4 18. Qh5 Re8+ 19. Ne4 Bb4+ 20. Kf1 Nxb3
21. axb3 Rf8 22. Nc5 Bxc5 23. Qxc5 Qd6 24. Qxd6 cxd6 25. Rg1 g5 26. h4 Rf5 27.
hxg5 hxg5 28. Rh1 Kc7 29. Ra4 b5 30. Ra6 Re8 31. Rh7+ Kb8 32. Raxa7 Rfe5 33. Kg2
g4 34. Raf7 Re2 35. Rh5 Rxc2 36. Rxb5+ Ka8 37. Rxf4 Re7 38. Rxg4 Rxb2 39. Ra4+
Ra7 40. Rxa7+ Kxa7 41. Kf3 Ka6 42. Rb8 Ka7 43. Rb4 d5 44. Ke3 d4+ 45. Kxd4 Rxf2
46. Kc5 Ka6 47. d4 Rf8 48. Rb6+ Ka7 49. d5 Rf3 50. Rb4 Ka6 51. d6 Rf5+ 52. Kc6
Ka7 53. d7 Rf6+ 54. Kc7 Ka6 55. d8=Q Rf7+ 56. Kc8 Rc7+ 57. Kxc7 Ka7 58. Ra4#
{Black checkmated} 1-0

[Event "Team 45 45 League T79"]
[Site "Internet Chess Club"]
[Date "2019.01.19"]
[Round "4"]
[White "evan7284"]
[Black "julesraider"]
[Result "1/2-1/2"]
[WhiteElo "1580"]
[BlackElo "1598"]
[Opening "Queen's pawn: London system"]
[ECO "A45"]
[Time "10:00:48"]
[TimeControl "2700+45"]

1. d4 Nf6 2. Bf4 g6 3. Nc3 Bg7 4. e4 d5 5. e5 Ne4 6. Nxe4 dxe4 7. Bc4 O-O 8. Qd2
c5 9. c3 Nc6 10. Ne2 cxd4 11. cxd4 Qa5 12. Qxa5 Nxa5 13. Bd5 Bf5 14. Ng3 Rfd8
15. Nxf5 gxf5 16. b4 Rxd5 17. bxa5 Rxd4 18. Rc1 Rd7 19. Ke2 b5 20. Rc5 a6 21.
Rhc1 e6 22. Rc8+ Rd8 23. R8c6 {Game drawn by mutual agreement} 1/2-1/2

[Event "Team 45 45 League T79"]
[Site "Internet Chess Club"]
[Date "2019.01.19"]
[Round "4"]
[White "MathBandit"]
[Black "idjit"]
[Result "0-1"]
[WhiteElo "1544"]
[BlackElo "1592"]
[Opening "French: exchange variation"]
[ECO "C01"]
[Time "21:05:25"]
[TimeControl "2700+45"]

1. e4 e6 2. d4 d5 3. exd5 exd5 4. c4 Nf6 5. Nc3 Be6 6. Bg5 Be7 7. Nf3 O-O 8. Qe2
dxc4 9. d5 Nxd5 10. Nxd5 Bxg5 11. Nxg5 Bxd5 12. Qd2 Re8+ 13. Be2 Na6 14. O-O-O
Rxe2 15. Qxe2 Qxg5+ 16. Rd2 Nb4 17. Re1 Nd3+ {White resigns} 0-1

[Event "Team 45 45 League T79"]
[Site "Internet Chess Club"]
[Date "2019.01.21"]
[Round "4"]
[White "Kingfisher75"]
[Black "chuckh2"]
[Result "1-0"]
[WhiteElo "1561"]
[BlackElo "1326"]
[Opening "French: Tarrasch, open, 4.ed ed"]
[ECO "C08"]
[Time "15:01:10"]
[TimeControl "2700+45"]

1. e4 e6 2. d4 d5 3. Nd2 c5 4. exd5 exd5 5. Ngf3 Bd6 6. dxc5 Bxc5 7. Nb3 Be7 8.
Bb5+ Nc6 9. O-O a6 10. Bxc6+ bxc6 11. Ne5 Bb7 12. Qg4 Bf6 13. Re1 Kf8 14. Nd7+
Qxd7 15. Qxd7 {Black resigns} 1-0

[Event "Team 45 45 League T79"]
[Site "Internet Chess Club"]
[Date "2019.01.19"]
[Round "4"]
[White "Portola"]
[Black "Packerfan"]
[Result "1-0"]
[WhiteElo "1803"]
[BlackElo "1684"]
[Opening "Queen's pawn game"]
[ECO "A45"]
[Time "14:31:10"]
[TimeControl "2700+45"]

1. d4 Nf6 2. c3 d5 3. Nf3 Nc6 4. Bg5 Bf5 5. e3 e6 6. Nbd2 Be7 7. Be2 h6 8. Bf4
Nh5 9. Be5 Nf6 10. Bg3 O-O 11. O-O a6 12. a4 Na7 13. b4 b5 14. Qb3 c6 15. a5 Ne4
16. Nxe4 Bxe4 17. Qd1 Bxf3 18. Bxf3 Nc8 19. e4 Nd6 20. Bxd6 Bxd6 21. e5 Be7 22.
Be2 f5 23. Bh5 Bf6 24. exf6 Qxf6 25. Bf3 e5 26. dxe5 Qxe5 27. Qd4 Rfe8 28. Qxe5
Rxe5 29. Rfe1 Rae8 30. Rxe5 Rxe5 31. Kf1 g5 32. Re1 Rxe1+ 33. Kxe1 Kf7 34. Bh5+
Ke7 35. Ke2 Kd6 36. Bg6 f4 37. f3 c5 38. Kd3 Kc6 39. h3 Kd6 40. Bf7 Kc6 41. Be6
{Black resigns} 1-0

[Event "Team 45 45 League T79"]
[Site "Internet Chess Club"]
[Date "2019.01.20"]
[Round "4"]
[White "Gojira"]
[Black "JWB"]
[Result "1/2-1/2"]
[WhiteElo "1663"]
[BlackElo "1598"]
[Opening "Queen's pawn"]
[ECO "A40"]
[Time "08:00:47"]
[TimeControl "2700+45"]

1. d4 e6 2. Bf4 f5 3. Nf3 Nf6 4. e3 b6 5. h3 Bb7 6. Nbd2 Be7 7. Bd3 O-O 8. O-O
Qe8 9. Re1 Na6 10. Bh2 Ne4 11. Qe2 Nb4 12. Rec1 d6 13. Bc4 Bd8 14. c3 Nxd2 15.
Nxd2 Nd5 16. Re1 Nf6 17. Nf3 Kh8 18. a4 a5 19. Bf4 Ne4 20. Bb5 Qf7 21. Bc4 g5
22. Bh2 Qg6 23. Nd2 g4 24. Nxe4 Bxe4 25. hxg4 fxg4 26. Rad1 Bf3 27. Qd3 Bxd1 28.
Qxg6 hxg6 29. Rxd1 d5 30. Be2 Kg7 31. Bxg4 Kf7 32. Be5 Rc8 33. Be2 c6 34. Ba6
Ra8 35. Bb7 Ra7 36. Bxc6 Bc7 37. Bb5 Bxe5 38. dxe5 Raa8 39. g3 Rad8 40. Kg2 Ke7
41. Rh1 Rh8 42. Rxh8 Rxh8 43. Bd3 g5 44. f4 gxf4 45. exf4 Rh6 {Game drawn by
mutual agreement} 1/2-1/2

[Event "Team 45 45 League T79"]
[Site "Internet Chess Club"]
[Date "2019.01.20"]
[Round "4"]
[White "rubo"]
[Black "Bizzy-Ketty"]
[Result "1/2-1/2"]
[WhiteElo "1556"]
[BlackElo "1565"]
[Opening "Queen's pawn: London system"]
[ECO "A45"]
[Time "18:30:36"]
[TimeControl "2700+45"]

1. d4 Nf6 2. Bf4 d5 3. e3 Bf5 4. c4 Nbd7 5. Nc3 e6 6. Nf3 Bb4 7. Qb3 Bxc3+ 8.
bxc3 b6 9. Ne5 Nxe5 10. dxe5 Ne4 11. Rd1 c6 12. cxd5 exd5 13. c4 b5 14. cxd5
Qa5+ 15. Ke2 Nc3+ 16. Kf3 Be4+ 17. Kg3 Nxd1 18. Qxd1 Bxd5 19. Qg4 h5 20. Qh4 c5
21. Be2 c4 22. Rd1 Be6 23. Bf3 Rc8 24. Bb7 Rc5 25. Bg5 Bd7 26. Qd4 Qc7 27. f4 c3
28. e6 Rxg5+ 29. Kf2 Rg6 30. exd7+ Ke7 31. Be4 Ra6 32. Qxg7 {Game drawn by
mutual agreement} 1/2-1/2

[Event "Team 45 45 League T79"]
[Site "Internet Chess Club"]
[Date "2019.01.18"]
[Round "4"]
[White "tryanything"]
[Black "nosir"]
[Result "1-0"]
[WhiteElo "1504"]
[BlackElo "1435"]
[Opening "Caro-Kann: classical variation"]
[ECO "B18"]
[Time "17:01:39"]
[TimeControl "2700+45"]

1. e4 c6 2. d4 d5 3. Nc3 dxe4 4. Nxe4 Bf5 5. Ng3 Bg6 6. Nf3 h6 7. Ne5 Bh7 8. Qh5
g6 9. Bc4 e6 10. Qe2 Ne7 11. c3 Nd5 12. O-O Bg7 13. Re1 Nd7 14. Bxd5 cxd5 15.
Nxd7 Qxd7 16. Bf4 O-O 17. Qd2 h5 18. Bh6 Rfe8 19. Bxg7 Kxg7 20. Qg5 Kf8 21. Re5
f5 22. Rae1 Qf7 23. Ne2 Bg8 24. Nf4 Bh7 25. h4 Rac8 26. Rxe6 Rxe6 27. Rxe6 Rc6
28. Qd8+ {Black resigns} 1-0

[Event "Team 45 45 League T79"]
[Site "Internet Chess Club"]
[Date "2019.01.20"]
[Round "4"]
[White "warsaviensis"]
[Black "Ajolote"]
[Result "1-0"]
[WhiteElo "1753"]
[BlackElo "1882"]
[Opening "Queen's pawn: Yusupov-Rubinstein system"]
[ECO "A46"]
[Time "13:31:52"]
[TimeControl "2700+45"]

1. d4 Nf6 2. Nf3 e6 3. e3 b6 4. Bd3 Bb7 5. O-O a6 6. c4 d5 7. b3 dxc4 8. bxc4
Be7 9. Nbd2 c5 10. Bb2 O-O 11. Qc2 Nc6 12. a3 cxd4 13. Nxd4 h6 14. Rfd1 Rc8 15.
Nxc6 Bxc6 16. Nb3 Qc7 17. Nd4 Ng4 18. g3 Ba8 19. Be4 Qxc4 20. Qxc4 Rxc4 21. Bd3
Rc5 22. Be2 Ne5 23. Nb3 Rc2 24. Bxe5 Rxe2 25. Nd4 Rb2 26. Nxe6 Rxf2 27. Nxf8
Rg2+ 28. Kf1 Rxh2 29. Nd7 Bf3 30. Rdc1 f6 31. Bc3 Bg4 32. Nxb6 Bc5 33. Nd5 Bf3
34. Be1 Bd6 35. Rc8+ Kf7 36. Rd8 Ke6 37. Nf4+ Ke7 38. Rg8 Kf7 39. Rd8 Ke7 40.
Ba5 Bc5 41. Re1 g5 42. Nd5+ Ke6 43. Bb4 Ba7 44. Rd6+ Kf5 45. Nxf6 g4 46. e4+
Bxe4 47. Rxe4 {Black resigns} 1-0

[Event "Team 45 45 League T79"]
[Site "Internet Chess Club"]
[Date "2019.01.20"]
[Round "4"]
[White "Insan996"]
[Black "ascoli"]
[Result "1-0"]
[WhiteElo "1625"]
[BlackElo "1681"]
[Opening "King's Indian: fianchetto, Uhlmann (Szabo) variation"]
[ECO "E62"]
[Time "14:43:05"]
[TimeControl "2700+45"]

1. d4 Nf6 2. Nf3 g6 3. c4 Bg7 4. Nc3 O-O 5. g3 Nc6 6. Bg2 d6 7. O-O e5 8. d5 Nb8
9. e4 a5 10. a3 Na6 11. Bd2 Nc5 12. Ne1 a4 13. Be3 Nfd7 14. Nd3 Qe8 15. Nxc5
Nxc5 16. Bxc5 dxc5 17. f4 Bd7 18. Re1 Ra6 19. Bf1 Rb6 20. Rb1 Rb3 21. Qc2 b6 22.
Bd3 exf4 23. gxf4 Bxc3 24. bxc3 Rxa3 25. e5 Qa8 26. Re3 Kg7 27. Rg3 f5 28. e6
Be8 29. Bxf5 Kh8 30. Bd3 Rxf4 31. Qe2 Qd8 32. Rf1 Rxf1+ 33. Qxf1 Kg7 34. Qc1 Rb3
35. Rh3 h5 36. Bc2 Qf6 37. Bxb3 axb3 38. Rg3 Qf5 39. Rg2 Qd3 40. Qf4 Qxc3 41.
Qxc7+ Kh6 42. Qf4+ Kh7 43. Qc7+ Kh8 44. Qf4 Kh7 45. d6 b2 46. Rxb2 Qxb2 47. d7
Bxd7 48. exd7 Qb1+ 49. Kg2 Qc2+ 50. Qf2 Qe4+ 51. Qf3 Qd4 52. Qf7+ Kh6 53. Qf8+
Kh7 54. d8=Q Qg4+ 55. Kf2 {Black resigns} 1-0

[Event "Team 45 45 League T79"]
[Site "Internet Chess Club"]
[Date "2019.01.18"]
[Round "4"]
[White "pokerram"]
[Black "Skeptic1972"]
[Result "1-0"]
[WhiteElo "1565"]
[BlackElo "1470"]
[Opening "Giuoco Piano"]
[ECO "C50"]
[Time "14:35:19"]
[TimeControl "2700+45"]

1. e4 e5 2. Nf3 Nc6 3. Bc4 Bc5 4. Bb5 a6 5. Bxc6 dxc6 6. d3 Nf6 7. c3 Qe7 8. O-O
O-O 9. h3 Rd8 10. Qe2 Nh5 11. d4 exd4 12. cxd4 Ba7 13. Rd1 Nf6 14. Nc3 Re8 15.
e5 Bf5 16. Bg5 h6 17. Bxf6 gxf6 18. Ne4 fxe5 19. dxe5 f6 20. Ng3 Bh7 21. Qc4+
Qe6 22. Qxe6+ Rxe6 23. exf6 Rxf6 24. Rd7 Rf7 25. Rad1 Raf8 26. Nh5 Be4 27. Rxf7
Rxf7 28. Rd8+ Kh7 29. Ne5 Rxf2 30. Rd7+ Kg8 31. Rg7+ Kf8 32. Kh2 Rf5 33. Nd7+
Ke8 34. Nhf6+ {Black resigns} 1-0